Map: 썬더버드 - 래더

Players

Reynor - Winner!

  • Race: Zerg Zerg
  • League: Master
  • Spawn Location: 11:00

Clem

  • Race: Terran Terran
  • League: Grandmaster
  • Spawn Location: 5:00

Event: HomeStory Cup XIX

VOD

Have the link to the VOD?

Description

Time

  • Played on: June 27, 2019, 12:54 p.m.
  • Length: 13:20

All games in this series

Show
View Real Time Build Order
Export as new Build Order

Reynor Zerg - Winner!

Build Orders: Hatch First 

Get SALT Encoding   

  12  0:00  Drone  
  13  0:12  Overlord  
  13  0:16  Drone  
  14  0:30  Drone x2  
  16  0:47  Hatchery  
  15  0:51  Drone  
  15  0:54  Drone  
  17  0:58  Drone  
  18  1:08  Extractor  
  17  1:13  Spawning Pool  
  17  1:16  Drone  
  17  1:19  Drone  
  18  1:27  Drone  
  19  1:38  Drone  
  20  1:49  Overlord  
  20  2:00  Zergling x4, Queen x2  
  26  2:10  Drone  
  26  2:13  Drone  
  28  2:22  Hatchery  
  27  2:24  Drone  
  27  2:27  Drone  
  29  2:33  Metabolic Boost  
  29  2:35  Drone  
  30  2:40  Drone  
  31  2:47  Overlord  
  31  2:49  Drone  
  32  2:52  Queen  
  32  2:55  Drone  
  32  2:57  Drone  
  36  3:05  Drone  
  36  3:07  Drone  
  36  3:11  Overlord  
  38  3:13  Drone x2  
  38  3:16  Queen  
  38  3:19  Drone  
  43  3:20  Drone  
  44  3:30  Queen  
  44  3:31  Drone x2  
  44  3:34  Drone  
  49  3:39  Zergling x2  
  49  3:41  Overlord  
  50  3:42  Queen  
  53  3:48  Zergling x2  
  53  3:49  Baneling Nest  
  53  3:50  Drone x2  
  53  3:53  Drone x2  
  56  3:56  Drone  
  56  3:58  Zergling x2  
  58  4:04  Overlord  
  58  4:05  Drone x3  
  61  4:10  Zergling x4  
  61  4:14  Overlord  
  61  4:16  Zergling x6  
  66  4:23  Zergling x4  
  66  4:24  Queen  
  68  4:26  Zergling x2  
  68  4:32  Zergling x4  
  68  4:38  Drone  
  65  4:39  Lair  
  65  4:40  Zergling x8  
  65  4:43  Overlord  
  67  4:46  Drone x3  
  67  4:49  Zergling x4  
  67  4:51  Drone x3  
  73  4:56  Drone  
  73  4:59  Drone  
  75  5:01  Extractor  
  75  5:02  Extractor, Queen  
  75  5:04  Overlord  
  75  5:06  Drone  
  76  5:08  Drone  
  76  5:14  Drone  
  76  5:16  Baneling x2  
  76  5:18  Drone  
  76  5:19  Drone  
  79  5:23  Zergling x2  
  79  5:25  Overlord  
  79  5:26  Drone x4  
  83  5:28  Zergling x4  
  83  5:31  Hatchery  
  83  5:33  Drone  
  83  5:34  Drone x3  
  84  5:37  Centrifical Hooks  
  84  5:38  Drone  
  84  5:40  Extractor  
  84  5:41  Extractor, Overlord  
  82  5:44  Drone  
  82  5:49  Drone  
  84  5:51  Evolution Chamber, Overlord  
  84  5:52  Evolution Chamber  
  84  5:54  Drone x2  
  84  5:55  Drone x4  
  88  6:01  Zergling x2  
  88  6:03  Zergling x4  
  90  6:15  Zergling x6, Extractor  
  91  6:22  Zergling x20  
  98  6:26  Overlord  
  98  6:27  Zerg Ground Armor Level 1, Zerg Melee Weapons Level 1  
  95  6:33  Drone x2  
  95  6:36  Drone  
  95  6:37  Hydralisk Den  
  97  6:41  Drone  
  97  6:44  Drone x2  
  100  6:47  Drone  
  100  6:50  Overlord  
  100  6:51  Zergling x10  
  106  6:55  Zergling x4  
  106  6:57  Drone  
  109  7:04  Zergling x4  
  109  7:05  Zergling x2  
  109  7:08  Drone  
  109  7:11  Overlord  
  109  7:14  Drone  
  103  7:16  Drone x2, Grooved Spines  
  103  7:17  Infestation Pit, Drone x2  
  106  7:23  Overlord  
  106  7:28  Drone x6  
  106  7:29  Hydralisk x2  
  112  7:30  Hydralisk  
  118  7:37  Drone  
  118  7:38  Hydralisk x3  
  118  7:39  Hydralisk  
  118  7:41  Hatchery  
  118  7:43  Zergling x2  
  127  7:46  Zergling x2  
  127  7:47  Zergling x10, Hydralisk x2  
  127  7:48  Hydralisk  
  139  7:53  Hydralisk, Hive, Overlord  
  141  8:01  Baneling x2  
  141  8:02  Baneling x5  
  141  8:08  Hydralisk x3  
  141  8:09  Zergling x10  
  152  8:13  Overlord  
  152  8:17  Drone x8  
  160  8:21  Spore Crawler  
  160  8:23  Zerg Ground Armor Level 2  
  160  8:26  Zerg Melee Weapons Level 2  
  157  8:27  Muscular Augments  
  157  8:38  Zergling x18  
  157  8:39  Zergling x4  
  157  8:40  Overlord  
  168  8:50  Overlord  
  168  8:57  Baneling x2  
  168  8:58  Baneling x3  
  168  9:00  Hydralisk  
  168  9:01  Zergling x24  
  182  9:03  Baneling x2  
  182  9:04  Baneling x6  
  182  9:06  Overlord  
  182  9:08  Extractor  
  181  9:15  Zergling x16  
  159  9:19  Hydralisk, Zergling x2  
  159  9:20  Queen  
  159  9:23  Hydralisk x2, Zergling x2  
  159  9:24  Zergling x10  
  160  9:30  Viper x3  
  168  9:33  Zergling x10  
  168  9:35  Overlord  
  171  9:39  Drone x2  
  171  9:42  Baneling x6  
  171  9:43  Baneling x2, Extractor  
  172  9:47  Extractor, Spine Crawler  
  172  9:48  Zergling x2, Spine Crawler, Spore Crawler  
  172  9:49  Zergling x8  
  172  9:50  Spine Crawler  
  172  9:53  Hydralisk  
  172  9:54  Zergling x14  
  182  10:00  Zergling x2  
  182  10:04  Baneling x11  
  182  10:06  Hydralisk, Zergling x2  
  182  10:07  Zergling x8  
  187  10:09  Zergling x4  
  187  10:12  Hydralisk  
  189  10:17  Baneling x4  
  189  10:19  Zergling x8  
  191  10:23  Queen  
  191  10:25  Drone x5  
  191  10:27  Baneling x2  
  191  10:28  Baneling  
  192  10:31  Zergling x2  
  192  10:32  Zergling x12  
  198  10:40  Pneumatized Carapace  
  198  10:42  Baneling x8  
  189  10:44  Baneling x8  
  189  10:47  Drone x5  
  192  10:57  Baneling x10  
  188  11:07  Hydralisk x4  
  188  11:08  Zergling x4  
  188  11:10  Hydralisk  
  188  11:11  Hydralisk, Zergling x2  
  158  11:12  Zergling x6  
  158  11:13  Hydralisk  
  158  11:14  Zergling x2  
  158  11:17  Hydralisk  
  158  11:18  Zergling x4  
  161  11:26  Hydralisk  
  161  11:27  Hydralisk x3, Zergling x2  
  161  11:28  Zergling x2  
  161  11:32  Overseer  
  169  11:34  Drone x3  
  169  11:37  Drone x6  
  169  11:39  Extractor  
  177  11:41  Baneling x11  
  177  11:45  Zergling x6  
  180  11:51  Hydralisk x2  
  180  11:52  Zergling x8  
  185  11:58  Hydralisk x3  
  185  11:59  Zergling x4  
  184  12:04  Zergling x10  
  189  12:09  Baneling x3  
  189  12:10  Baneling  
  189  12:13  Baneling x9  
  189  12:16  Hydralisk  
  189  12:17  Zergling x6  
  189  12:18  Zergling x4  
  189  12:20  Baneling x4  
  189  12:21  Overlord  
  196  12:29  Hydralisk  
  193  12:30  Zergling x6  
  190  12:38  Overlord  
  185  12:45  Hydralisk  
  185  12:46  Zergling x24  
  185  12:51  Hydralisk  
  186  12:53  Overlord  
  186  12:55  Hydralisk  
  186  12:56  Zergling x14  
  186  12:58  Zergling x4  
  188  13:05  Baneling x6  
Show
View Real Time Build Order
Export as new Build Order

Clem Terran 

Build Orders: Gas First Reaper Expand, Liberator Opening 

Get SALT Encoding   

  12  0:00  SCV  
  13  0:13  SCV  
  14  0:16  Supply Depot  
  14  0:25  SCV  
  15  0:29  Refinery  
  15  0:38  SCV  
  16  0:43  Barracks  
  16  0:50  SCV  
  17  1:02  SCV  
  18  1:14  SCV  
  19  1:31  Orbital Command, Reaper  
  20  1:41  Command Center  
  20  1:51  Factory  
  20  1:57  SCV  
  21  2:07  Barracks Reactor  
  21  2:09  SCV  
  21  2:11  Supply Depot  
  21  2:14  Refinery  
  22  2:21  SCV  
  23  2:33  SCV  
  24  2:42  Starport  
  24  2:45  SCV  
  24  2:49  Hellion x2  
  24  2:50  Marine  
  30  2:54  Orbital Command  
  30  2:59  SCV  
  31  3:08  Marine  
  31  3:10  Hellion  
  31  3:11  Hellion  
  36  3:15  SCV  
  36  3:18  Medivac  
  39  3:24  Armory  
  39  3:29  Supply Depot  
  39  3:31  Marine  
  39  3:33  Liberator  
  40  3:36  Hellion  
  40  3:39  Hellion  
  44  3:42  SCV  
  44  3:43  SCV  
  46  3:54  SCV  
  50  3:56  SCV, Supply Depot  
  50  4:02  Hellion  
  53  4:07  SCV  
  54  4:10  Barracks Tech Lab  
  54  4:17  SCV, Hellion  
  54  4:20  SCV  
  58  4:24  Hellion  
  58  4:29  SCV  
  59  4:32  SCV  
  59  4:38  Liberator  
  50  4:39  Hellion  
  50  4:41  SCV  
  47  4:46  SCV, Hellion  
  47  4:48  Command Center  
  50  4:53  SCV  
  50  4:55  Supply Depot  
  50  4:59  Marine  
  55  5:01  SCV  
  55  5:03  Hellion  
  55  5:06  SCV  
  59  5:07  Hellion  
  59  5:13  SCV  
  62  5:15  Refinery  
  62  5:16  Refinery  
  62  5:17  Marine  
  62  5:18  SCV  
  61  5:26  SCV, Factory  
  61  5:27  Factory  
  60  5:29  Hellion  
  60  5:30  SCV, Hellion  
  60  5:39  SCV  
  57  5:43  SCV  
  57  5:47  Starport Reactor  
  57  5:49  Terran Vehicle And Ship Armor Level 1  
  58  5:50  Hellion  
  58  5:51  SCV  
  58  5:54  Hellion  
  58  5:55  Barracks Tech Lab, SCV  
  64  6:00  Orbital Command  
  64  6:03  SCV  
  65  6:07  SCV  
  66  6:17  Hellion x2  
  66  6:18  SCV  
  71  6:22  Mag-Field Accelerator  
  71  6:23  Cyclone x2  
  71  6:24  SCV  
  72  6:30  SCV  
  72  6:31  Orbital Command  
  71  6:34  Refinery  
  71  6:36  Refinery, SCV  
  71  6:38  Barracks Reactor  
  71  6:39  Hellion  
  74  6:40  Barracks Tech Lab, Factory  
  74  6:41  Factory, Hellion  
  74  6:44  SCV  
  74  6:45  Supply Depot  
  77  6:51  SCV  
  78  6:55  Cyclone  
  78  6:56  SCV, Supply Depot  
  78  7:00  Supply Depot  
  78  7:01  SCV, Supply Depot  
  83  7:03  SCV  
  83  7:07  Hellion x2  
  80  7:11  SCV, Cyclone  
  80  7:14  SCV  
  82  7:18  SCV  
  83  7:23  SCV  
  83  7:26  Starport Reactor  
  83  7:28  Infernal Pre-Igniter  
  88  7:30  Hellion x2  
  88  7:33  Cyclone x2  
  88  7:34  SCV x2  
  88  7:35  SCV  
  97  7:39  Supply Depot  
  97  7:41  Widow Mine x2  
  97  7:43  Engineering Bay  
  101  7:45  Terran Vehicle And Ship Armor Level 2  
  101  7:46  SCV  
  105  7:51  Cyclone  
  105  7:53  Widow Mine, Hellion  
  105  7:58  Supply Depot  
  109  7:59  Supply Depot  
  109  8:00  SCV x3  
  109  8:03  Command Center  
  112  8:08  Widow Mine x2  
  116  8:13  SCV, Supply Depot  
  116  8:19  SCV x2  
  123  8:20  Widow Mine, Cyclone x2, Hellion  
  129  8:28  Supply Depot, Cyclone  
  129  8:31  Supply Depot  
  129  8:32  SCV  
  129  8:33  Liberator  
  133  8:35  Liberator, SCV, Hellion x2  
  138  8:43  Hellion  
  138  8:44  Hellion  
  139  8:51  Supply Depot  
  139  8:52  Cyclone  
  148  8:57  Hellion x2  
  148  9:00  Supply Depot  
  152  9:06  Supply Depot, Hellion  
  154  9:11  Cyclone  
  154  9:13  SCV x2, Cyclone  
  154  9:14  SCV  
  159  9:19  Hellion  
  159  9:23  Hellion  
  141  9:24  Liberator, Cyclone  
  141  9:25  Liberator  
  141  9:26  Hellion  
  141  9:29  Hellion  
  145  9:35  SCV x2  
  145  9:37  SCV  
  148  9:40  Hellion  
  148  9:43  Cyclone  
  148  9:44  Hellion  
  161  9:47  SCV  
  161  9:52  Hellion x2  
  166  9:55  Cyclone  
  166  9:56  Planetary Fortress  
  169  10:02  Factory  
  169  10:04  Factory  
  169  10:06  Factory  
  169  10:07  Armory  
  169  10:08  Terran Vehicle Weapons Level 1  
  169  10:10  Widow Mine  
  169  10:11  Widow Mine  
  169  10:12  Cyclone  
  172  10:15  Cyclone  
  172  10:19  Widow Mine, Hellion  
  179  10:28  Hellion  
  178  10:34  Command Center  
  178  10:38  Sensor Tower  
  178  10:39  Hellion x2  
  178  10:41  Supply Depot  
  182  10:44  Drilling Claws, Refinery x2, Cyclone  
  182  10:47  Cyclone  
  182  10:49  Cyclone  
  191  10:52  Hellion  
  193  11:02  Factory Tech Lab, Factory Reactor  
  193  11:03  Factory Reactor  
  194  11:04  Hellion x2  
  194  11:11  Hellion  
  152  11:16  Cyclone  
  141  11:19  Cyclone  
  141  11:20  Hellion  
  141  11:21  Cyclone x2  
  147  11:29  Hellion x2  
  136  11:33  SCV x2, Command Center  
  136  11:35  Hellion  
  140  11:41  Hellion x2  
  140  11:42  Hellion  
  140  11:43  SCV x2  
  146  11:48  Cyclone  
  146  11:51  Hellion x2, Cyclone  
  146  11:53  Liberator x2, Cyclone, Hellion  
  157  11:58  Hellion  
  157  11:59  Cyclone  
  157  12:01  Widow Mine  
  158  12:11  SCV  
  158  12:12  SCV  
  158  12:14  Refinery x2  
  158  12:15  Hellion x2  
  170  12:18  Hellion  
  170  12:19  Hellion  
  174  12:27  Hellion x2  
  174  12:28  Cyclone, Hellion  
  171  12:32  Hellion  
  171  12:34  Cyclone  
  168  12:39  Cyclone  
  168  12:42  Hellion x2  
  161  12:46  Hellion x2  
  161  12:50  Hellion  
  145  12:52  Hellion  
  145  12:56  Hellion  
Tags
 
Add a new tag
Caveats
  • Supply blocks, unpowered buildings, or Contaminate may cause inaccurate times.
  • Supply counts are checked every 10 seconds.